 Dungeon Crawl Stone Soup version 0.27.1-37-g7b29ead8ac (console) character file.

Game seed: 16904223863358293812

9478 grimtooth the Tainter (level 11, -20/89 HPs)
             Began as a Barachi Venom Mage on Sept 2, 2023.
             Was a Priest of Vehumet.
             Demolished by a wolf spider simulacrum (30 damage)
             ... in a Gauntlet.
             The game lasted 01:14:00 (14938 turns).

grimtooth the Tainter (Barachi Venom Mage)         Turns: 14938, Time: 01:14:01

Health: -20/89     AC:  8    Str:  9    XL:     11   Next: 47%
Magic:  21/29      EV: 13    Int: 19    God:    Vehumet [***...]
Gold:   618        SH:  0    Dex: 13    Spells: 5/22 levels left

rFire    . . .     SeeInvis .   b - staff of poison
rCold    . . .     Faith    .   (no shield)
rNeg     . . .     Spirit   .   X - +0 robe
rPois    +         Reflect  .   (no helmet)
rElec    .         Harm     .   L - +0 cloak
rCorr    .         Rampage  .   i - +0 pair of gloves
Will     .....     NoTele   +   (no boots)
Stlth    +++.......             (no amulet)
HPRegen  0.24/turn              t - ring of magical power
MPRegen  0.21/turn              v - +4 ring of protection

@: brilliant, unable to hop, slow
A: amphibious, slowness 1, strong legs 1, +LOS
a: Hop, Renounce Religion


You were in a Gauntlet.
You worshipped Vehumet.
Vehumet was most pleased with you.
You visited 3 branches of the dungeon, and saw 13 of its levels.
You also visited: Gauntlet.

You collected 618 gold pieces.

Inventory:

Hand Weapons
 a - a +2 short sword of draining
 j - the +10 hand crossbow of Ysistroce {elec, Fragile Int+5}
   (You found it in a Gauntlet)

   Any ammunition fired from it occasionally discharges a powerful burst of
   electricity upon striking a foe.
   Int:       It affects your intelligence (+5).
   Fragile:   It will be destroyed if unequipped.
Missiles
 c - 17 sling bullets
 m - 20 poisoned darts (quivered)
 s - 12 boomerangs
 y - a curare-tipped dart
 z - a throwing net {=f}
Armour
 i - a +0 pair of gloves (worn)
 L - a +0 cloak (worn)
 X - a +0 robe (worn)
Magical Staves
 b - a staff of poison (weapon)
Jewellery
 l - the ring "Bijoefra" {rElec rN+ rCorr Int-2 Stlth+}
   (You found it in a Gauntlet)

   [ring of positive energy]

   Int:       It affects your intelligence (-2).
   rElec:     It insulates you from electricity.
   rN:        It protects you from negative energy.
   rCorr:     It protects you from acid and corrosion.
   Stlth:     It makes you more stealthy.
 p - a ring of resist corrosion
 t - a ring of magical power (left hand)
 v - a +4 ring of protection (right hand)
Wands
 d - a wand of digging (5)
 h - a wand of flame (39)
 D - a wand of polymorph (8)
 F - a wand of paralysis (3)
 J - a wand of mindburst (12)
 O - a wand of iceblast (14)
Scrolls
 g - 3 scrolls of magic mapping
 k - 2 scrolls of fog
 n - 5 scrolls of teleportation {unknown}
 o - 3 scrolls of fear
 u - 2 scrolls of amnesia {unknown}
 C - a scroll of brand weapon {unknown}
 E - a scroll of holy word {unknown}
 G - a scroll of torment {unknown}
Potions
 e - 3 potions of ambrosia {unknown}
 f - 4 potions of heal wounds
 q - 2 potions of mutation
 r - 2 potions of lignification
 w - 2 potions of brilliance
 x - 4 potions of might {unknown}
 A - 4 potions of curing
 B - a potion of berserk rage {unknown}
 H - a potion of invisibility {unknown}
 K - 3 potions of flight
 M - a potion of degeneration {unknown}
 N - a potion of attraction {unknown}


   Skills:
 - Level 9.0 Fighting
 + Level 4.3 Dodging
 - Level 6.0 Stealth
 - Level 6.0 Spellcasting
 - Level 6.0 Conjurations
 - Level 6.0 Transmutations
 - Level 6.0 Fire Magic
 - Level 6.0 Air Magic
 - Level 9.0 Poison Magic


You had 5 spell levels left.
You knew the following spells:

 Your Spells              Type           Power      Damage    Failure   Level
a - Sting                 Tmut/Pois      100%       1d8       1%          1
b - Poisonous Vapours     Pois/Air       100%       N/A       1%          2
c - Mephitic Cloud        Conj/Pois/Air  64%        N/A       1%          3
e - Shock                 Conj/Air       100%       1d9       1%          1
m - Conjure Flame         Conj/Fire      42%        6-21      1%          3
r - Olgreb's Toxic Radia  Pois           74%        N/A       1%          4
t - Ignite Poison         Fire/Tmut/Pois 64%        N/A       1%          3

Your spell library contained the following spells:

 Spells                   Type           Power      Damage    Failure   Level
 Beastly Appendage        Tmut           84%        N/A       1%          1
 Foxfire                  Conj/Fire      100%       2x1d9     1%          1
 Inner Flame              Hex/Fire       25%        N/A       2%          3
 Corpse Rot               Necr/Air       N/A        N/A       4%          2
 Irradiate                Conj/Tmut      21%        3d20      7%          5
 Frozen Ramparts          Ice            16%        1d3       9%          3
 Animate Skeleton         Necr           16%        N/A       11%         1
 Pain                     Necr           32%        1d5       11%         1
 Freezing Cloud           Conj/Ice/Air   15%        6-21      16%         5
 Blade Hands              Tmut           21%        N/A       26%         5
 Summon Guardian Golem    Hex/Summ       8%         N/A       32%         3
 Vampiric Draining        Necr           4%         2d6       32%         3
 Ice Form                 Ice/Tmut       25%        N/A       32%         4
 Petrify                  Tmut/Erth      25%        N/A       32%         4
 Summon Ice Beast         Ice/Summ       8%         N/A       73%         4
 Metabolic Englaciation   Hex/Ice        4%         N/A       97%         5
 Summon Mana Viper        Hex/Summ       8%         N/A       97%         5
 Eringya's Noxious Bog    Tmut/Pois      33%        N/A       21%         6
 Orb of Destruction       Conj           21%        9d9       86%         7
 Statue Form              Tmut/Erth      16%        N/A       99%         6
 Spellforged Servitor     Conj/Summ      12%        N/A       99%         7
 Dragon Form              Tmut           21%        N/A       100%        7
 Malign Gateway           Summ/Tloc      4%         N/A       100%        7


Dungeon Overview and Level Annotations

Branches:
Dungeon (11/15)            Temple (1/1) D:4            Lair (1/6) D:9
    Orc (0/2) D:11        Gauntlet (1/1)

Altars:
Dithmenos
Elyvilon
Gozag
Hepliaklqana
Kikubaaqudgha
Makhleb
Nemelex Xobeh
Okawaru
Qazlal
Ru
Sif Muna
Uskayaw
Vehumet
Wu Jian
Xom
Yredelemnul
Zin
The Shining One

Shops:
D:1 =   D:6 =   D:8 *

Annotations:
D:4 exclusion: jelly
D:5 1 runed translucent door, exclusions: skeleton and water moccasin, Grinder; tkbsonic5's ghost, amateur DEAM
D:8 exclusion: ice statue
D:9 exclusion: 2 killer bees, Harold
D:10 exclusion: gargoyle
D:11 exclusions: howler monkey, hydra and shadow Gauntlet 11 transporters, exclusion: ice statue


Innate Abilities, Weirdness & Mutations

You are amphibious.
You cover ground slowly.
You can hop short distances.
You have an extended range of vision and can be seen from far away.


Message History

The wolf spider simulacrum freezes you!!
The wolf spider simulacrum is engulfed in blazing flames.
The wolf spider simulacrum vaporises!
Vehumet accepts your kill.
You feel your power returning.
The centaur warrior simulacrum is engulfed in blazing flames.
The wolf spider simulacrum hits you but does no damage.
The wolf spider simulacrum bites you! The wolf spider simulacrum freezes you!
Training target 9.0 for Fighting reached!
Your Fighting skill increases to level 9!
Press: ? - help, v - describe, . - travel
Here: a wolf spider simulacrum The floor.
Press: ? - help, v - describe, . - travel
Here: a wolf spider simulacrum (heavily damaged)
The floor.
Press: ? - help, v - describe, . - travel
Here: a wolf spider simulacrum (heavily damaged)
The floor.
Casting: Ignite Poison (safe; 1% risk of failure)
Confirm with . or Enter, or press ? or * to list all spells.
You can't see any susceptible monsters within range! (Use Z to cast anyway.)
Casting: Ignite Poison (safe; 1% risk of failure)
Confirm with . or Enter, or press ? or * to list all spells.
Aiming: Mephitic Cloud (safe; 1% risk of failure)
Press: ? - help, Shift-Dir - straight line, f - you You feel a strong surge of power!
The ball explodes into a vile cloud!
The stinking cloud engulfs you but does no damage.
The stinking cloud engulfs the wolf spider simulacrum but does no damage. x2
The wolf spider simulacrum is heavily damaged.
The wolf spider simulacrum hits you!
The wolf spider simulacrum freezes you!!
* * * LOW HITPOINT WARNING * * *
The wolf spider simulacrum barely misses you.
The centaur warrior simulacrum is engulfed in blazing flames.
The wolf spider simulacrum completely misses you.
The wolf spider simulacrum bites you.
* * * LOW HITPOINT WARNING * * *
The wolf spider simulacrum freezes you!!
You die...

.....#.#...........≈...........#.
.....#.###########...###########.
###..#.#....≈...=#...#...#.#...#.
#8#..#.#≈≈≈.≈≈.≈≈#...#..#...#..#.
###..#.#..≈≈..≈..#...#!##...##.#.
#..#.#....≈≈.≈.#...#..##.#..##.
###..#§#.≈≈.○≈§.©#...#©.#.©....#©
#8#..###≈.≈.○○Z.)#...#!.##.#..###
###....#≈..≈§§§§≈#...#2##...##.#.
#....#.≈≈§○§○☼Z#...#..#...#..#.
###..#...☼§☼ZZ@#...#...#.#...#.
#8#..###########...###########.
###........#©#.....§.#©#.......
#≈.......#.#..≈∩≈..#.#.......
##########.#########.######## 8#
≈............... #8 ##
#8.8.8.8.8.8.8.8. ##
#≈............... ###.##.##.##.##


You could see a cacodemon, a four-headed hydra simulacrum, 2 wolf spider
simulacra and a centaur warrior simulacrum.

Vanquished Creatures
  A boulder beetle (D:11)
  A manticore (D:11)
  2 cyclopes
  An elephant (D:9)
  Maurice (D:9)
  Joseph (D:9)
  A cane toad (Lair:1)
  A queen bee (Gauntlet)
  A wolf spider simulacrum (Gauntlet)
  A raiju (Gauntlet)
  Sigmund (D:2)
  A shadow (D:11)
  6 yaks (D:8)
  3 wyverns
  A wraith (D:9)
  2 basilisks
  2 steam dragons (Gauntlet)
  2 ice beasts
  2 sky beasts
  2 hornet zombies
  An orc warrior (D:9)
  2 black bears
  An ogre (D:6)
  4 centaurs
  2 kobold brigands
  4 bullfrogs
  A gnoll sergeant (D:7)
  3 scorpions
  3 water moccasin skeletons
  6 killer bees
  11 wights
  2 howler monkeys (D:10)
  3 centaur zombies
  A hound (D:5)
  5 orc priests
  A centaur skeleton (D:6)
  A gnoll shaman (D:8)
  A jelly (D:7)
  Terence (D:2)
  An iguana (D:5)
  Natasha (thrice) (D:2)
  3 orc wizards
  2 howler monkey zombies
  10 adders
  10 gnolls
  A howler monkey skeleton (D:6)
  A white imp (D:7)
  4 worms
  4 dart slugs
  23 orcs
  6 bats
  10 endoplasms
  3 giant cockroaches
  3 goblins
  4 hobgoblins
  2 jackals
  5 quokkas
  3 ball pythons
  3 frilled lizards
  13 kobolds
  9 rats
209 creatures vanquished.

Vanquished Creatures (others)
  3 fungi (D:3)
  19 plants
22 creatures vanquished.

Grand Total: 231 creatures vanquished

Notes
Turn   | Place    | Note
-------+----------+-------------------------------------------
     0 | D:1      | grimtooth the Barachi Venom Mage began the quest for the
                  | Orb.
     0 | D:1      | Reached XP level 1. HP: 13/13 MP: 3/3
   384 | D:1      | Found Unnuqis's Jewellery Boutique.
   417 | D:1      | Reached XP level 2. HP: 19/19 MP: 1/5
   994 | D:1      | Reached XP level 3. HP: 24/24 MP: 2/6
  1421 | D:1      | Learned a level 2 spell: Poisonous Vapours
  1424 | D:2      | Noticed Terence
  1424 | D:2      | Noticed Sigmund
  1808 | D:2      | Reached skill level 5 in Poison Magic
  1871 | D:2      | Reached XP level 4. HP: 30/30 MP: 4/7
  2045 | D:3      | Got the Reference Book on Transmigration
  2642 | D:3      | Reached XP level 5. HP: 35/35 MP: 5/8
  2824 | D:3      | Found a faded altar of an unknown god.
  3038 | D:4      | Identified the +4 ring mail of Distant Worlds {Str+2}
  3277 | D:4      | Found a staircase to the Ecumenical Temple.
  3291 | Temple   | Entered the Ecumenical Temple
  3385 | Temple   | Became a worshipper of Vehumet
  3462 | D:4      | Reached skill level 1 in Air Magic
  3610 | D:4      | Reached XP level 6. HP: 22/41 MP: 6/9
  3934 | D:5      | Entered Level 5 of the Dungeon
  3934 | D:5      | Noticed Grinder
  4075 | D:5      | Found a runed translucent door.
  4076 | D:5      | Noticed tkbsonic5's ghost (amateur DEAM)
  4170 | D:5      | Learned a level 3 spell: Mephitic Cloud
  4333 | D:5      | Noticed a water moccasin
  4779 | D:2      | Noticed Natasha
  4889 | D:2      | Killed Sigmund
  4890 | D:2      | Reached XP level 7. HP: 31/46 MP: 5/11
  4959 | D:2      | Killed Natasha
  5112 | D:2      | Killed Terence
  5571 | D:2      | Noticed Natasha
  5576 | D:2      | Killed Natasha
  5577 | D:2      | Reached skill level 5 in Air Magic
  5701 | D:2      | Noticed Natasha
  5707 | D:2      | Killed Natasha
  5707 | D:2      | Reached * piety under Vehumet
  5707 | D:2      | Offered knowledge of Shock by Vehumet.
  5924 | D:2      | Learned a level 1 spell: Shock
  6271 | D:6      | Reached skill level 1 in Conjurations
  6503 | D:6      | Reached XP level 8. HP: 51/52 MP: 13/13
  6709 | D:6      | Found Xegh's Jewellery Emporium.
  7127 | D:6      | Reached skill level 5 in Spellcasting
  7688 | D:6      | Reached skill level 5 in Conjurations
  8044 | D:6      | Learned a level 4 spell: Olgreb's Toxic Radiance
  8138 | D:7      | Reached XP level 9. HP: 45/57 MP: 17/17
  8798 | D:7      | Reached skill level 1 in Fighting
  9320 | D:7      | Found an ornate altar of the Wu Jian Council.
  9402 | D:7      | Found a white marble altar of Elyvilon.
  9405 | D:7      | Reached ** piety under Vehumet
  9617 | D:7      | Offered knowledge of Static Discharge by Vehumet.
  9854 | D:7      | Learned a level 3 spell: Conjure Flame
  9874 | D:8      | Found Viof's General Store.
  9904 | D:8      | Identified the +0 scale mail "Teimihem" {Str+3 Stlth+}
 10488 | D:8      | Found a sparkling altar of Nemelex Xobeh.
 10517 | D:8      | Reached skill level 1 in Fire Magic
 10678 | D:8      | Reached skill level 5 in Fighting
 10679 | D:8      | Reached XP level 10. HP: 74/74 MP: 3/19
 10954 | D:8      | Got Sif Muna's Handbook of Moulding and the Entourage
 11227 | D:8      | Noticed an ice statue
 11255 | D:8      | Found a shadowy altar of Dithmenos.
 11412 | D:8      | Reached skill level 5 in Fire Magic
 11822 | D:9      | Offered knowledge of Ignite Poison by Vehumet.
 11824 | D:9      | Noticed Maurice
 11828 | D:9      | Learned a level 3 spell: Ignite Poison
 11830 | D:9      | Killed Maurice
 11860 | D:9      | Noticed Joseph
 11861 | D:9      | Found a shimmering altar of Xom.
 11861 | D:9      | Found a shimmering altar of Xom.
 11931 | D:9      | Killed Joseph
 12104 | D:9      | Found an opulent altar of Gozag.
 12155 | D:9      | Noticed Harold
 12285 | D:9      | Found a shimmering altar of Xom.
 12285 | D:9      | Found a shimmering altar of Xom.
 12291 | D:9      | Found a shimmering altar of Xom.
 12291 | D:9      | Found a shimmering altar of Xom.
 12375 | D:9      | Noticed an elephant
 12481 | D:9      | Found a staircase to the Lair.
 12516 | D:9      | Killed an elephant
 12551 | D:9      | Noticed a swamp dragon
 12652 | D:9      | Reached skill level 5 in Stealth
 12660 | D:9      | Noticed a cyclops
 12785 | D:10     | Entered Level 10 of the Dungeon
 13110 | D:10     | Noticed a gargoyle
 13242 | D:10     | Identified the +2 morningstar of Plague {drain, rF+ Int+2
                  | Dex+4}
 13275 | D:10     | Reached *** piety under Vehumet
 13281 | D:10     | Noticed a cyclops
 13284 | D:10     | Reached skill level 5 in Transmutations
 13295 | D:10     | Killed a cyclops
 13640 | D:11     | Found a staircase to the Orcish Mines.
 13705 | D:11     | Reached XP level 11. HP: 82/82 MP: 20/20
 13763 | D:11     | Noticed a cyclops
 13797 | D:11     | Noticed a five-headed hydra
 13917 | D:11     | Noticed a cyclops
 13924 | D:11     | Killed a cyclops
 14009 | D:11     | Noticed a manticore
 14016 | D:11     | Killed a manticore
 14129 | D:11     | Noticed a boulder beetle
 14133 | D:11     | Killed a boulder beetle
 14348 | Lair:1   | Entered Level 1 of the Lair of Beasts
 14395 | Lair:1   | Found a gate leading to a gauntlet.
 14405 | Gauntlet | Entered a Gauntlet
 14405 | Gauntlet | Found a transporter.
 14405 | Gauntlet | Found a transporter.
 14409 | Gauntlet | Found a transporter.
 14424 | Gauntlet | Found a transporter.
 14424 | Gauntlet | Found a transporter.
 14441 | Gauntlet | Found a transporter.
 14454 | Gauntlet | Found a transporter.
 14457 | Gauntlet | Noticed a worldbinder
 14457 | Gauntlet | Noticed a cacodemon
 14460 | Gauntlet | Found a transporter.
 14539 | Gauntlet | Found a transporter.
 14551 | Gauntlet | Found a transporter.
 14560 | Gauntlet | Found a transporter.
 14560 | Gauntlet | Found a transporter.
 14591 | Gauntlet | Found a transporter.
 14636 | Gauntlet | Found a transporter.
 14647 | Gauntlet | Found a transporter.
 14662 | Gauntlet | Found a transporter.
 14778 | Gauntlet | - this is going to be brutal
 14778 | Gauntlet | - here goes nothin
 14798 | Gauntlet | Identified the +10 hand crossbow of Ysistroce {elec,
                  | Fragile Int+5}
 14840 | Gauntlet | Identified the ring "Bijoefra" {rElec rN+ rCorr Int-2
                  | Stlth+}
 14938 | Gauntlet | Demolished by a wolf spider simulacrum

Illustrated notes

### ### ### ### ### ### ### #8#
#8# #8# #8# #8# #8# #8#
###############################
#≈............≈∩≈............≈#
###.............................#
#8#..###########...###########..#
###..#.#..#....#...#.........#..#
#....#).#..#.yy#.∩.#.#.#.#.#.#...
#....##..#..#yy#...#..#.#.#..#...
#..###.#..#..#y#...#.#.#.#.#$###.
#..#©#©.#..#©.##@.©#..#.©.#8©#©#.
#..#.#.#..#..#.#...#.#.#.#.#!#.#.
#..#.##..#..#..#...#..#.#.#..#.#.
#..#.#[.#..#...#...#.#.#.#.#.#.#.
#..#.#.#..#....#...#.....k...#.#.
...#.###########...###########.#.
...#.#...........§...........#.#.
####.#######....≈8§....#######.##
..........©#.....§.....#©........
################...##############
434#≈##....hDD##...#gx.......#≈#w


Turn 14778 on Gauntlet: - this is going to be brutal

Levels and vault maps discovered:
D:1:      shiori_shiawase, layout_rooms, serial_shops, shop
D:2:      layout_basic, uniq_natasha, uniq_terence, uniq_sigmund
D:3:      layout_loops_cross, dreamdust_ecumenical_altar_grove
D:4:      layout_rooms, temple_fountains, st_stairs_7
D:5:      layout_loops_corners, ebering_ghost_sewer_f, minmay_misc_feat_roman,
          fountainhead, minmay_checkerbox, uniq_grinder
D:6:      layout_basic, serial_shops, shop
D:7:      layout_layer_cave, mainiacjoe_overflow_two_lobes
D:8:      lemuel_ice_statue, layout_cave_pods,
          mainiacjoe_overflow_small_starburst, lemuel_tele_altar, serial_shops,
          nicolae_stop_n_shop_2
D:9:      layout_cave_pools, nicolae_gozag_seed_capital, xom_shifter_show,
          david_lair_generic, hangedman_decor_opposing, uniq_harold,
          uniq_joseph, uniq_maurice
D:10:     layout_roguey
D:11:     layout_roguey, orc_0_dummy
Temple:   regret_index_temple_sphere_string
Lair:1:   layout_regular_city, gauntlet_entry_generic,
          portal_ice_cave_demonic_guard, grunt_megastairs_5
Gauntlet: gammafunk_gauntlet_branching [gammafunk_gauntlet_arena_arrow_garden,
          gammafunk_gauntlet_arena_grid, gammafunk_gauntlet_arena_corners,
          nicolae_gauntlet_arena_x, nicolae_gauntlet_arena_blocks,
          nicolae_gauntlet_arena_grate_2, nicolae_gauntlet_arena_flowing_pool,
          gammafunk_gauntlet_arena_chambers, gauntlet_exit_green]

Skill      XL: |  1  2  3  4  5  6  7  8  9 10 11 |
---------------+----------------------------------+-----
Poison Magic   | 4 5 6 7 9 |  9.0
Stealth        | 2 3 4 5 6 |  6.0
Air Magic      | 1 4 6 |  6.0
Transmutations | 3 5 6 |  6.0
Spellcasting   | 3 5 6 |  6.0
Conjurations   | 2 5 6 |  6.0
Fighting       | 5 6 9 |  9.0
Fire Magic     | 4 6 |  6.0
Dodging        | 4 |  4.3

Action                   |  1- 3 |  4- 6 |  7- 9 | 10-12 || total
-------------------------+-------+-------+-------+-------++-------
Melee: Staff             |     1 |     4 |     3 |     9 ||    17
       Short sword       |       |     6 |    22 |       ||    28
Throw: Stone             |     1 |     5 |       |       ||     6
       Dart              |       |       |     5 |       ||     5
 Cast: Sting             |    64 |   109 |    76 |    22 ||   271
       Poisonous Vapours |       |     7 |    26 |    23 ||    56
       Mephitic Cloud    |       |     2 |     8 |    18 ||    28
       Shock             |       |       |   145 |    97 ||   242
       Olgreb's Toxic Ra |       |       |    10 |    14 ||    24
       Conjure Flame     |       |       |     2 |    11 ||    13
       Ignite Poison     |       |       |       |    13 ||    13
 Abil: Hop               |     2 |     1 |     9 |     8 ||    20
  Use: Scroll            |       |     6 |     1 |     4 ||    11
       Potion            |       |       |       |     1 ||     1
 Stab: Confused          |       |       |     1 |       ||     1
       Sleeping          |       |       |       |     1 ||     1
Armor: Robe              |     9 |    10 |    40 |    14 ||    73
Dodge: Dodged            |    24 |    33 |    90 |    65 ||   212
